 Dungeon Crawl Stone Soup version 0.21-a0-471-gd587bd5 (webtiles) character file.

656 Dysjunc the Covert (level 7, -14/56 HPs)
             Began as a Gnoll Assassin on Nov 21, 2017.
             Was a Follower of Dithmenos.
             Killed from afar by Spazmo's ghost (24 damage)
             ... with an orb of energy
             ... on level 4 of the Dungeon.
             The game lasted 00:13:32 (4056 turns).

Dysjunc the Covert (Gnoll Assassin)                 Turns: 4056, Time: 00:13:33

Health: -14/56     AC:  6    Str: 11 (12) XL:     7   Next: 55%
Magic:  4/10       EV: 14    Int: 15      God:    Dithmenos [*.....]
Gold:   82         SH:  0    Dex: 14 (16) Spells: 7/11 levels left

rFire    . . .     SeeInvis +   a - +2 dagger
rCold    . . .     Gourm    .   (no shield)
rNeg     . . .     Faith    .   t - +2 animal skin
rPois    .         Spirit   .   (no helmet)
rElec    .         Reflect  .   d - +1 cloak
rCorr    .         Harm     .   (no gloves)
MR       .....                  (no boots)
Stlth    +++++++...             (no amulet)
HPRegen  0.18/turn              i - ring of stealth
MPRegen  0.12/turn              v - ring of stealth

@: wreathed by umbra
A: distributed training, fangs 1, see invisible, deterioration 1, weak 1, strong
nose
a: Renounce Religion


You were on level 4 of the Dungeon.
You worshipped Dithmenos.
Dithmenos was aware of your devotion.
You were very hungry.

You visited 1 branch of the dungeon, and saw 4 of its levels.

You collected 82 gold pieces.

Inventory:

Hand Weapons
 a - a +2 dagger (weapon)
 w - a +0 blowgun
Missiles
 e - 8 poisoned needles
 f - 2 curare-tipped needles
 u - 4 tomahawks (quivered)
Armour
 c - a +0 robe
 d - a +1 cloak (worn)
 l - a +0 ring mail
 q - a +0 buckler
 t - a +2 animal skin (worn)
Jewellery
 i - a ring of stealth (left hand)
 v - a ring of stealth (right hand)
 C - an uncursed ring of protection from fire
Scrolls
 h - a scroll of amnesia
 k - a scroll of blinking
 n - a scroll of identify
 s - a scroll of remove curse
 x - a scroll of teleportation
Potions
 j - a potion of lignification
 m - a potion of invisibility
 o - a potion of curing
 p - a potion of heal wounds
 A - a potion of mutation
Books
 r - Vehumet's Tome of Conjuration
   (You found it on level 3 of the Dungeon)

   Spells                             Type                      Level
   a - Magic Dart                     Conjuration                  1
 B - a book of Minor Magic

   Spells                             Type                      Level
   a - Magic Dart                     Conjuration                  1
   b - Blink                          Translocation                2
   c - Call Imp                       Summoning                    2
   d - Slow                           Hexes                        2
   e - Conjure Flame                  Conjuration/Fire             3
   f - Mephitic Cloud                 Conjuration/Poison/Air       3
Comestibles
 b - 2 meat rations
 g - a bread ration
 z - 2 royal jellies


   Skills:
 + Level 5.2 Fighting
 + Level 5.2 Short Blades
 + Level 2.5 Long Blades
 + Level 2.5 Axes
 + Level 2.5 Maces & Flails
 + Level 2.5 Polearms
 + Level 2.5 Staves
 + Level 2.5 Slings
 + Level 2.5 Bows
 + Level 2.5 Crossbows
 + Level 5.2 Throwing
 + Level 2.5 Armour
 + Level 3.6 Dodging
 + Level 8.2 Stealth
 + Level 2.5 Shields
 + Level 2.5 Unarmed Combat
 + Level 2.5 Spellcasting
 + Level 2.0 Conjurations
 + Level 2.0 Hexes
 + Level 2.0 Charms
 + Level 2.0 Summonings
 + Level 2.0 Necromancy
 + Level 2.0 Translocations
 + Level 2.0 Transmutations
 + Level 2.0 Fire Magic
 + Level 2.0 Ice Magic
 + Level 2.0 Air Magic
 + Level 2.0 Earth Magic
 + Level 2.0 Poison Magic
 + Level 2.8 Invocations
 + Level 2.5 Evocations


You had 7 spell levels left.
You knew the following spells:

 Your Spells              Type           Power        Failure   Level  Hunger
a - Slow                  Hex            #.......     14%         2    ###....
Z - Blink                 Tloc           N/A          14%         2    ###....


Dungeon Overview and Level Annotations

Branches:
Dungeon (4/15)
 Temple: D:4-7

Altars:
Cheibriados
Dithmenos
Kikubaaqudgha
Makhleb
Okawaru
Sif Muna
Uskayaw
Vehumet
Zin

Annotations:
D:4 Spazmo's ghost, novice DECj


Innate Abilities, Weirdness & Mutations

Your experience applies equally to all skills.
You have very sharp teeth.
Your uncanny sense of smell can sniff out nearby items.
You have supernaturally acute eyesight. (SInv)
Your body sometimes deteriorates upon taking damage.
You are weak. (Str -2)


Message History

Press: ? - help, Shift-Dir - straight line, f/p - Spazmo's ghost
Aim: Spazmo's ghost, wielding a weapon of venom (chance to defeat MR: 22%) Spazmo's ghost resists with almost no effort.
Spazmo's ghost gestures at you while chanting.
The orb of energy hits you!
Casting: Slow
Confirm with . or Enter, or press ? or * to list all spells.
Aiming: Slow
Press: ? - help, Shift-Dir - straight line, f/p - Spazmo's ghost
Aim: Spazmo's ghost, wielding a weapon of venom (chance to defeat MR: 22%) Spazmo's ghost resists with almost no effort.
Spazmo's ghost casts a spell at you. The magic dart hits you!
* * * LOW HITPOINT WARNING * * *
Your body deteriorates!
You feel clumsy.
There is a stone staircase leading down here.
You are feeling very hungry.
Spazmo's ghost gestures at you while chanting.
The orb of energy hits you!
You die...

##.##..#######.###
#..##.............
#W###..........###
#.# #..##.######
#.# #..##.# #.#
#..##.# #.#
#..##.### #.#
#.g.....# #### #@#
##g##...# #...
#.###...###.###.#.
#.##....# #.##....
#.##....# #.##..#.
#.##.#.####.##.oo.
#.##............#.
#...........#.....
####.<........#...
#..####...###>#


You could see Spazmo's ghost.

Vanquished Creatures
  Sigmund (D:4)
  A sky beast (D:3)
  A phantom (D:4)
  A gnoll shaman (D:4)
  Ijyb (D:3)
  3 orc wizards (D:4)
  A worker ant (D:4)
  5 gnolls (D:4)
  Robin (D:4)
  6 adders (D:3)
  A worm (D:3)
  2 leopard geckos (D:3)
  6 orcs
  2 ball pythons (D:3)
  5 giant cockroaches
  14 goblins
  8 hobgoblins
  2 jackals (D:3)
  7 kobolds
  3 bats
  A frilled lizard (D:1)
  5 rats
77 creatures vanquished.

Notes
Turn   | Place    | Note
-------+----------+-------------------------------------------
     0 | D:1      | Dysjunc the Gnoll Assassin began the quest for the Orb.
     0 | D:1      | Reached XP level 1. HP: 20/20 MP: 1/1
   259 | D:1      | Reached XP level 2. HP: 26/26 MP: 2/2
   770 | D:2      | Found a shadowy altar of Dithmenos.
   783 | D:2      | Found a hide-covered altar of Uskayaw.
   789 | D:2      | Became a worshipper of Dithmenos the Shadowed
   792 | D:2      | Found an iron altar of Okawaru.
   796 | D:2      | Found a glowing silver altar of Zin.
   809 | D:2      | Found a burning altar of Makhleb.
  1090 | D:2      | Found a snail-covered altar of Cheibriados.
  1154 | D:2      | Reached XP level 3. HP: 31/31 MP: 3/3
  1538 | D:3      | Reached skill level 1 in Invocations
  1732 | D:3      | Found a radiant altar of Vehumet.
  1742 | D:3      | Found an ancient bone altar of Kikubaaqudgha.
  1744 | D:3      | Found a deep blue altar of Sif Muna.
  1757 | D:3      | Identified Vehumet's Tome of Conjuration
  1892 | D:3      | Reached skill level 1 in Long Blades
  1892 | D:3      | Reached skill level 1 in Axes
  1892 | D:3      | Reached skill level 1 in Maces & Flails
  1892 | D:3      | Reached skill level 1 in Polearms
  1892 | D:3      | Reached skill level 1 in Staves
  1892 | D:3      | Reached skill level 1 in Slings
  1892 | D:3      | Reached skill level 1 in Bows
  1892 | D:3      | Reached skill level 1 in Crossbows
  1892 | D:3      | Reached skill level 1 in Armour
  1892 | D:3      | Reached skill level 1 in Shields
  1892 | D:3      | Reached skill level 1 in Unarmed Combat
  1892 | D:3      | Reached skill level 1 in Spellcasting
  1892 | D:3      | Reached skill level 1 in Evocations
  1892 | D:3      | Reached XP level 4. HP: 34/38 MP: 5/5
  2263 | D:3      | Noticed a sky beast
  2270 | D:3      | Killed a sky beast
  2270 | D:3      | Reached skill level 1 in Conjurations
  2270 | D:3      | Reached skill level 1 in Hexes
  2270 | D:3      | Reached skill level 1 in Charms
  2270 | D:3      | Reached skill level 1 in Summonings
  2270 | D:3      | Reached skill level 1 in Necromancy
  2270 | D:3      | Reached skill level 1 in Translocations
  2270 | D:3      | Reached skill level 1 in Transmutations
  2270 | D:3      | Reached skill level 1 in Fire Magic
  2270 | D:3      | Reached skill level 1 in Ice Magic
  2270 | D:3      | Reached skill level 1 in Air Magic
  2270 | D:3      | Reached skill level 1 in Earth Magic
  2270 | D:3      | Reached skill level 1 in Poison Magic
  2270 | D:3      | Reached XP level 5. HP: 43/43 MP: 5/7
  2274 | D:3      | Gained mutation: Your muscles are strong. (Str +2) [mutagenic meat]
  2275 | D:3      | Gained mutation: Your body sometimes deteriorates upon taking damage. [mutagenic meat]
  2276 | D:3      | Lost mutation: Your muscles are strong. (Str +2) [mutagenic meat]
  2277 | D:3      | Gained mutation: You are weak. (Str -2) [mutagenic meat]
  2278 | D:3      | Gained mutation: You have supernaturally acute eyesight. (SInv) [mutagenic meat]
  2287 | D:3      | Noticed Ijyb
  2291 | D:3      | Killed Ijyb
  2385 | D:3      | Reached skill level 8 in Stealth
  2512 | D:3      | Reached XP level 6. HP: 50/50 MP: 8/8
  2673 | D:4      | Learned a level 2 spell: Blink
  2676 | D:4      | Learned a level 2 spell: Slow
  2718 | D:4      | Noticed a phantom
  2725 | D:4      | Killed a phantom
  2725 | D:4      | Reached skill level 5 in Fighting
  2725 | D:4      | Reached skill level 5 in Short Blades
  2725 | D:4      | Reached skill level 5 in Throwing
  2925 | D:4      | Noticed Robin
  2929 | D:4      | Reached * piety under Dithmenos
  2943 | D:4      | Killed Robin
  3263 | D:4      | Noticed Sigmund
  3264 | D:4      | Noticed Spazmo's ghost (novice DECj)
  3368 | D:4      | Killed Sigmund
  3368 | D:4      | Reached XP level 7. HP: 43/56 MP: 10/10
  4056 | D:4      | Killed from afar by Spazmo's ghost

Vault maps used:
D:1:      dpeg_arrival_arbitrary_c
D:2:      minmay_overflow_temple_star_hex, lemuel_coloured_pillars_altar,
          minivault_26
D:3:      grunt_temple_overflow_magic_moments, grunt_ministairs_8, uniq_ijyb
D:4:      first_bread, uniq_sigmund, uniq_robin

Skill      XL: |  1  2  3  4  5  6  7 |
---------------+----------------------+-----
Invocations    | 1 2 |  2.8
Long Blades    | 1 2 |  2.5
Axes           | 1 2 |  2.5
Maces & Flails | 1 2 |  2.5
Polearms       | 1 2 |  2.5
Staves         | 1 2 |  2.5
Slings         | 1 2 |  2.5
Bows           | 1 2 |  2.5
Crossbows      | 1 2 |  2.5
Armour         | 1 2 |  2.5
Shields        | 1 2 |  2.5
Unarmed Combat | 1 2 |  2.5
Spellcasting   | 1 2 |  2.5
Evocations     | 1 2 |  2.5
Dodging        | 3 |  3.6
Conjurations   | 1 2 |  2.0
Hexes          | 1 2 |  2.0
Charms         | 1 2 |  2.0
Summonings     | 1 2 |  2.0
Necromancy     | 1 2 |  2.0
Translocations | 1 2 |  2.0
Transmutations | 1 2 |  2.0
Fire Magic     | 1 2 |  2.0
Ice Magic      | 1 2 |  2.0
Air Magic      | 1 2 |  2.0
Earth Magic    | 1 2 |  2.0
Poison Magic   | 1 2 |  2.0
Stealth        | 8 |  8.2
Fighting       | 5 |  5.2
Short Blades   | 5 |  5.2
Throwing       | 5 |  5.2

Action                   |  1- 3 |  4- 6 |  7- 9 || total
-------------------------+-------+-------+-------++-------
Melee: Dagger            |    77 |    88 |    65 ||   230
       Bite              |     3 |     8 |     8 ||    19
       Punch             |       |       |     1 ||     1
Throw: Tomahawk          |       |     4 |       ||     4
 Cast: Slow              |       |       |     4 ||     4
Evoke: Wand              |       |     2 |     3 ||     5
  Use: Scroll            |     8 |     6 |       ||    14
       Potion            |       |     1 |       ||     1
 Stab: Sleeping          |    18 |     8 |       ||    26
       Distracted        |     1 |     1 |       ||     2
       Confused          |       |       |     1 ||     1
  Eat: Chunk             |     3 |     9 |     2 ||    14
Armor: Robe              |     9 |     3 |       ||    12
       Ring mail         |    12 |    16 |       ||    28
       Animal skin       |       |       |    12 ||    12
Dodge: Dodged            |    29 |    33 |    40 ||   102

Table legend:
 A = Spawn XP
 B = Non-spawn XP
 C = Spawn XP percentage of total XP
 D = Spawn monster count
 E = Non-spawn monster count
 F = Spawn count percentage of total count
 G = Total turns spent on level
                    A         B        C        D         E        F      G
               +---------+---------+-------+---------+---------+-------+---------
         Total |       0 |     938 |   0.0 |       0 |      77 |   0.0 |  4056
               +---------+---------+-------+---------+---------+-------+---------
           D:1 |       0 |      22 |   0.0 |       0 |      14 |   0.0 |   646
           D:2 |       0 |      20 |   0.0 |       0 |      12 |   0.0 |   872
           D:3 |       0 |     287 |   0.0 |       0 |      27 |   0.0 |  1398
           D:4 |       0 |     609 |   0.0 |       0 |      24 |   0.0 |  1140
               +---------+---------+-------+---------+---------+-------+---------
